 Dungeon Crawl Stone Soup version 0.25-a0-1024-gbfbf38f2cb (webtiles) character file.

Game seed: 14659415025856467554, levelgen mode: deterministic

2135 janekpiasek the Changer (level 9, -6/55 HPs)
             Began as an Octopode Transmuter on May 12, 2020.
             Was a Priest of Okawaru.
             Mangled by a killer bee (9 damage)
             ... on level 7 of the Dungeon.
             The game lasted 00:25:47 (9997 turns).

janekpiasek the Changer (Octopode Transmuter)       Turns: 9997, Time: 00:25:48

Health: -6/55      AC:  1    Str: 10    XL:     9   Next: 30%
Magic:  10/16      EV: 15    Int: 18    God:    Okawaru [***...]
Gold:   347        SH:  0    Dex: 12    Spells: 7/18 levels left

rFire    . . .     SeeInvis +     - Unarmed
rCold    . . .     Gourm    .   (shield currently unavailable)
rNeg     . . .     Faith    .   (helmet restricted)
rPois    .         Spirit   .   (no amulet)
rElec    .         Reflect  .   b - ring of see invisible
rCorr    .         Harm     .   (no ring)
MR       .....                  (no ring)
Stlth    ++........             (no ring)
HPRegen  0.18/turn              (no ring)
MPRegen  0.15/turn              (no ring)
                                (no ring)
                                (no ring)

@: lethally poisoned (-6 -> -11), blade tentacles (expiring), very slightly
contaminated
A: almost no armour, stealthy swim, amphibious, 8 rings, constrict 8, camouflage
1, gelatinous body 1
a: End Transformation, Heroism, Renounce Religion


You were on level 7 of the Dungeon.
You worshipped Okawaru.
Okawaru was most pleased with you.
You were not hungry.
You had blades for tentacles.
You visited 2 branches of the dungeon, and saw 8 of its levels.

You collected 347 gold pieces.

Inventory:

Missiles
 v - 79 arrows
Armour
 l - a +1 cloak
Jewellery
 a - an uncursed amulet of faith
 b - a ring of see invisible (left scythe-like blade)
 x - an uncursed amulet of the gourmand
 z - an uncursed ring of attention
Wands
 y - a wand of polymorph (10)
 B - a wand of flame (24)
Scrolls
 d - 4 scrolls of remove curse
 f - 2 scrolls of enchant weapon {unknown}
 g - 6 scrolls of identify
 j - 2 scrolls of teleportation {unknown}
 k - a scroll of blinking {unknown}
 o - 3 scrolls of magic mapping {unknown}
 s - 3 scrolls of fog {unknown}
Potions
 e - a potion of degeneration
 h - 2 potions of lignification {unknown}
 i - a potion of resistance {unknown}
 m - 2 potions of ambrosia {unknown}
 n - 4 potions of heal wounds {unknown}
 p - 3 potions of mutation {unknown}
 q - a potion of haste {unknown}
 r - a potion of flight {unknown}
 u - a potion of brilliance {unknown}
 w - a potion of stabbing {unknown}
Comestibles
 c - 10 rations
 A - 4 chunks of flesh


   Skills:
 - Level 2.5 Fighting
 + Level 5.3 Dodging
 + Level 5.9 Unarmed Combat
 + Level 5.0 Spellcasting
 * Level 7.6 Transmutations
 + Level 2.5 Poison Magic


You had 7 spell levels left.
You knew the following spells:

 Your Spells              Type           Power        Failure   Level  Hunger
a - Beastly Appendage     Tmut           ####..       12%         1    None
b - Sticks to Snakes      Tmut           ####....     14%         2    #......
c - Spider Form           Tmut/Pois      ###.......   32%         3    ##.....
d - Blade Hands           Tmut           ####......   56%         5    ######.

Your spell library contained the following spells:

 Spells                   Type           Power        Failure   Level  Hunger
 Ice Form                 Ice/Tmut       ###.....     71%         4    ####...


Dungeon Overview and Level Annotations

Branches:
Dungeon (7/15)             Temple (1/1) D:4

Altars:
Ashenzari
Cheibriados
Dithmenos
Elyvilon
Fedhas
Gozag
Hepliaklqana
Kikubaaqudgha
Makhleb
Okawaru
Qazlal
Ru
Sif Muna
Trog
Uskayaw
Vehumet
Xom
Yredelemnul
Zin
The Shining One

Shops:
D:6 %

Annotations:
D:6 2 runed translucent doors, bmj180's ghost, novice DrCj


Innate Abilities, Weirdness & Mutations

You cannot wear most types of armour.
You are very stealthy in the water. (Stealth+)
You are amphibious.
You can wear up to eight rings at the same time.
You can use your tentacles to constrict eight enemies at once.
Your skin changes colour to match your surroundings (Stealth+).
Your rubbery body absorbs attacks. (AC +1, EV +1)


Message History

* * * LOW HITPOINT WARNING * * *
You feel better. The killer bee stings you!
* * * LOW HITPOINT WARNING * * *
The killer bee stings you.
* * * LOW HITPOINT WARNING * * *
You are lethally poisoned!
The killer bee poisons you!
Okay, then.
Casting: Blade Hands (extremely dangerous; 56% risk of failure)
Confirm with . or Enter, or press ? or * to list all spells.
You miscast Spider Form.
You are very lightly contaminated with residual magic.
Nothing appears to happen.
* * * LOW HITPOINT WARNING * * *
You feel sick. The killer bee stings you.
* * * LOW HITPOINT WARNING * * *
The killer bee completely misses you.
* * * LOW HITPOINT WARNING * * *
You feel sick. The killer bee stings you!
You die...

....###...#####......###.
....>)....#######........
...)#.##.................
....).#..<...####........
...)....####..###........
.........####.......#####
.....###..# #######..#
######
##.##########.##########
..#
#.#.....@yy............
####
#...#########...#######
#..# ##### ###.# #(.#
#).# #'## ##.# .)# .. ###
#.. ##.


You could see 2 killer bees.

Vanquished Creatures
  Grinder (D:6)
  A hippogriff (D:5)
  Sigmund (D:3)
  A hungry ghost (D:7)
  An ice beast (D:5)
  A sky beast (D:5)
  A black bear (D:4)
  A phantom (D:4)
  2 ogres
  2 centaurs
  2 bullfrogs
  2 killer bees (D:7)
  3 crimson imps
  2 hounds
  2 orc priests
  5 orc wizards
  Crazy Yiuf (D:3)
  An iguana (D:6)
  3 worker ants
  2 gnolls (D:3)
  5 adders
  2 oozes
  An adder zombie (D:5)
  2 worms
  A dart slug (D:2)
  4 leopard geckos
  28 orcs
  A ball python (D:3)
  4 giant cockroaches
  5 hobgoblins
  7 jackals
  3 kobolds
  3 quokkas (D:5)
  5 bats
  4 frilled lizards
  8 goblins
  A leopard gecko zombie (D:7)
  7 rats
126 creatures vanquished.

Vanquished Creatures (collateral kills)
  A crimson imp (D:6)
  An adder (D:2)
  A gnoll (D:3)
  A dart slug (D:2)
  An orc (D:3)
  A goblin (D:2)
  A bat (D:3)
  2 kobolds
9 creatures vanquished.

Vanquished Creatures (others)
  2 fungi (D:3)
2 creatures vanquished.

Grand Total: 137 creatures vanquished

Notes
Turn   | Place    | Note
-------+----------+-------------------------------------------
     0 | D:1      | janekpiasek the Octopode Transmuter began the quest for the
                  | Orb.
     0 | D:1      | Reached XP level 1. HP: 13/13 MP: 3/3
   309 | D:1      | Reached XP level 2. HP: 15/18 MP: 3/5
   982 | D:1      | Reached XP level 3. HP: 23/23 MP: 4/6
  1017 | D:1      | Learned a level 2 spell: Sticks to Snakes
  1021 | D:1      | Learned a level 3 spell: Spider Form
  2073 | D:3      | Reached XP level 4. HP: 16/29 MP: 2/7
  2135 | D:3      | Noticed Sigmund
  2588 | D:3      | Reached skill level 3 in Transmutations
  3233 | D:3      | Reached XP level 5. HP: 13/34 MP: 3/8
  3941 | D:3      | Killed Sigmund
  3941 | D:3      | Reached skill level 4 in Transmutations
  3941 | D:3      | Reached XP level 6. HP: 16/41 MP: 2/10
  4362 | D:3      | Found a runed translucent door.
  4363 | D:3      | Noticed Crazy Yiuf
  4478 | D:3      | Killed Crazy Yiuf
  4966 | D:4      | Found a staircase to the Ecumenical Temple.
  4979 | Temple   | Entered the Ecumenical Temple
  5123 | Temple   | Became a worshipper of Warmaster Okawaru
  5195 | D:4      | Noticed a black bear
  5219 | D:4      | Killed a black bear
  5436 | D:4      | Reached XP level 7. HP: 45/45 MP: 7/12
  5859 | D:4      | Found a shattered altar of Ashenzari.
  6019 | D:5      | Entered Level 5 of the Dungeon
  6138 | D:5      | Reached skill level 5 in Transmutations
  6169 | D:5      | HP: 1/45 [centaur (3)]
  6170 | D:5      | Reached * piety under Okawaru
  6655 | D:5      | Noticed a hippogriff
  6667 | D:5      | Killed a hippogriff
  6667 | D:5      | Reached XP level 8. HP: 44/51 MP: 3/13
  6948 | D:4      | Reached ** piety under Okawaru
  7308 | D:5      | Reached skill level 5 in Unarmed Combat
  7308 | D:5      | Reached skill level 6 in Transmutations
  7483 | D:5      | Learned a level 5 spell: Blade Hands
  8604 | D:6      | Found a runed translucent door.
  8608 | D:6      | Noticed bmj180's ghost (novice DrCj)
  8627 | D:6      | Found a runed translucent door.
  8731 | D:6      | Noticed Grinder
  8754 | D:6      | Killed Grinder
  8754 | D:6      | Reached skill level 5 in Dodging
  8754 | D:6      | Reached skill level 7 in Transmutations
  8754 | D:6      | Reached skill level 1 in Poison Magic
  9004 | D:6      | Found a radiant altar of Vehumet.
  9097 | D:6      | Found Weuhumm's Food Emporium.
  9289 | D:6      | Found a burning altar of Makhleb.
  9293 | D:6      | Found a glowing silver altar of Zin.
  9293 | D:6      | Noticed a blizzard demon
  9293 | D:6      | Noticed an angel
  9358 | D:7      | Reached XP level 9. HP: 55/55 MP: 11/16
  9426 | D:7      | Reached *** piety under Okawaru
  9985 | D:7      | Reached skill level 5 in Spellcasting
  9997 | D:7      | Mangled by a killer bee

Illustrated notes

Levels and vault maps discovered:
D:1:      minmay_arrival_arboretum_small, layout_loops_corners,
          kennysheep_flooded_box
D:2:      layout_basic
D:3:      layout_basic, uniq_sigmund, uniq_crazy_yiuf_cottage
D:4:      black_bear_nest_2, layout_basic, nicolae_ashenzari_panopticon,
          minmay_temple_entry_stoned_glass, first_ration
D:5:      layout_basic, kennysheep_generic_room_2
D:6:      layout_basic, grunt_temple_overflow_order_and_chaos_2,
          lemuel_doored_altar, ebering_ghost_sewer_f, serial_shops, shop,
          serial_park_tiny_pond, uniq_grinder
D:7:      layout_rooms, supply_closet_lemuel
Temple:   regret_index_temple_sphere_string

Skill      XL: |  1  2  3  4  5  6  7  8  9 |
---------------+----------------------------+-----
Transmutations | 3 4 5 7 |  7.6
Fighting       | 2 |  2.5
Dodging        | 3 4 5 |  5.3
Spellcasting   | 3 4 5 |  5.0
Unarmed Combat | 4 5 |  5.9
Poison Magic   | 1 2 |  2.5

Action                   |  1- 3 |  4- 6 |  7- 9 || total
-------------------------+-------+-------+-------++-------
Melee: Unarmed           |    94 |   102 |   252 ||   448
       Constrict         |    24 |    28 |     9 ||    61
       Kick              |    20 |    26 |    11 ||    57
       Tentacles         |     9 |    17 |    13 ||    39
       Punch             |     1 |     3 |     1 ||     5
 Cast: Beastly Appendage |    25 |    23 |    11 ||    59
       Sticks to Snakes  |     5 |    19 |    15 ||    39
       Spider Form       |       |     1 |    31 ||    32
       Blade Hands       |       |       |     1 ||     1
  Use: Potion            |     2 |     1 |     3 ||     6
       Scroll            |       |       |     2 ||     2
 Stab: Sleeping          |     5 |       |     1 ||     6
       Distracted        |     1 |       |     1 ||     2
  Eat: Chunk             |     4 |     5 |    12 ||    21
       Ration            |       |     2 |     2 ||     4
Armor: Skin              |    16 |     2 |     5 ||    23
Dodge: Dodged            |    89 |    85 |   233 ||   407

Table legend:
 A = Non-vault XP
 B = Vault XP
 C = Vault XP percentage of total XP
 D = Non-vault monster count
 E = Vault monster count
 F = Vault count percentage of total count
                 A         B        C        D         E       F
            +---------+---------+-------+---------+---------+-------
      Total |    2449 |     601 |  19.7 |     130 |       5 |   3.7
            +---------+---------+-------+---------+---------+-------
        D:1 |      46 |       0 |   0.0 |      26 |       0 |   0.0
        D:2 |      22 |       0 |   0.0 |       9 |       0 |   0.0
        D:3 |     159 |     259 |  62.0 |      33 |       2 |   5.7
        D:4 |     397 |      74 |  15.7 |      12 |       1 |   7.7
        D:5 |     989 |      40 |   3.9 |      29 |       1 |   3.3
        D:6 |     220 |     228 |  50.9 |       6 |       1 |  14.3
        D:7 |     616 |       0 |   0.0 |      15 |       0 |   0.0
            +---------+---------+-------+---------+---------+-------
